 Dungeon Crawl Stone Soup version 0.31-a0-430-gf8416d752b (console) character file.

Game seed: 3581310858709043284

210 Lexodia the Scratcher (level 5, -4/23 HPs)
             Began as a Felid Shapeshifter on July 31, 2023.
             Slain by a black bear (8 damage)
             ... on level 4 of the Dungeon.
             The game lasted 00:07:40 (2721 turns).

Lexodia the Scratcher (Felid Shapeshifter)          Turns: 2721, Time: 00:07:41

Health: -4/23      AC:  1    Str: 11    XL:     5   Next: 56%
Magic:  6/6        EV: 19    Int: 10    God:
Gold:   188        SH:  0    Dex: 18    Spells: 2/4 levels left
                                        Lives:  0   Deaths: 1

rFire   . .          .
                       - Unarmed
rCold   . . .        (shield unavailable)
rNeg    . . .        (body armour unavailable)
rPois   .            (helmet unavailable)
rElec   .            (cloak unavailable)
rCorr   .            (gloves unavailable)
SInv    +            (boots unavailable)
Will    .....        (no amulet)
Stlth   ++           (no ring)
HPRegen 0.23/turn    (no ring)
MPRegen 0.10/turn

%: no passive effects
@: beast-form, quick
A: beast (slay +2), very small, claws 1, fangs 3, see invisible, speed 1, shaggy
fur 1, stealthy paws, no weapons or thrown items, no armour, multi-lived
a: Begin Untransformation


You were on level 4 of the Dungeon.
You were a hulking beast.
You visited 1 branch of the dungeon, and saw 4 of its levels.

You collected 188 gold pieces.

Inventory:

Jewellery
 d - a ring of ice
Talismans
 b - a beast talisman (active)
Scrolls
 c - a scroll of identify
 f - 2 scrolls of teleportation
Potions
 a - 2 potions of lignification


   Skills:
 + Level 2.5 Fighting
 + Level 4.1 Dodging
 + Level 2.0 Stealth
 * Level 4.6 Unarmed Combat
 + Level 0.4 Spellcasting
 + Level 0.3 Air Magic
 + Level 0.3 Poison Magic
 - Level 4.0 Shapeshifting


You had 2 spell levels left.
You knew the following spells:

 Your Spells              Type           Power      Damage    Failure   Level
a - Poisonous Vapours     Pois/Air       0%         N/A       45%         2

Your spell library contained the following spells:

 Spells                   Type           Power      Damage    Failure   Level
 Mephitic Cloud           Conj/Pois/Air  0%         N/A       71%         3
 Freezing Cloud           Conj/Ice/Air   0%         6-21      100%        5


Dungeon Overview and Level Annotations

Branches:
Dungeon (4/15)
 Temple: D:4-7

Altars:
Vehumet


Innate Abilities, Weirdness & Mutations

You are a hulking beast.
Your limbs bulge with bestial killing power. (Slay +2)
You have sharp claws.
You have razor-sharp teeth.
You have supernaturally acute eyesight. (SInv)
You cover ground quickly. (Speed+)
You are covered in fur. (AC +1)
Your paws help you pounce on unaware monsters.
You are incapable of wielding weapons or throwing items.
You cannot wear armour.
You gain extra lives every three experience levels.


Message History

The hound bites you.
Huge Dmg: -26%(-6hp) hp: 74%(17hp)
You claw the hound!
You kill the hound!
Training target 4.0 for Shapeshifting reached!
Your Stealth skill increases to level 2!
Your Shapeshifting skill increases to level 4!
Your magical contamination has completely faded away.
There is a stone staircase leading up here.
You climb upwards.
There is a stone staircase leading down here.
You start resting.
HP restored.
You start resting.
Magic restored.
You climb downwards.
The black bear barely misses you.
The black bear claws you but does no damage.
The black bear closely misses you. The black bear barely misses you.
The black bear completely misses you. The black bear claws you.
There is a stone staircase leading up, spattered with blood here.
Huge Dmg: -21%(-5hp) hp: 79%(18hp)
You claw the black bear!
The black bear is heavily wounded.
The black bear misses you. The black bear closely misses you.
The black bear misses you.
You scratch the black bear.
The black bear is severely wounded.
The black bear bites you. The black bear barely misses you. x2
Huge Dmg: -18%(-4hp) hp: 61%(14hp)
You scratch the black bear.
The black bear is almost dead.
The black bear bites you!
* * * LOW HITPOINT WARNING * * *
The black bear closely misses you. The black bear claws you.
* * * LOW HITPOINT WARNING * * *
Huge Dmg: -43%(-10hp) hp: 18%(4hp)
You closely miss the black bear.
The black bear is almost dead.
The black bear bites you!
You die...

###...##
###......# ..
##......:.#...
###.............
##............#.
##..........#..$#
#...........# .h#
#...........# ..
##h.....†....#
#..h........##
#.........$.#
#..........##
#........###
#......###
#...#### #####


You could see a black bear.

Vanquished Creatures
  An ogre (D:3)
  A bullfrog (D:3)
  A hound (D:4)
  A jelly (D:4)
  An adder (D:4)
  A worm (D:2)
  An orc (D:3)
  3 ball pythons
  4 bats
  8 endoplasms
  3 giant cockroaches
  5 goblins
  2 hobgoblins
  3 quokkas
  2 frilled lizards
  4 kobolds
  7 rats
48 creatures vanquished.

Notes
Turn   | Place    | Note
-------+----------+-------------------------------------------
     0 | D:1      | Lexodia the Felid Shapeshifter began the quest for the Orb.
     0 | D:1      | Reached XP level 1. HP: 9/9 MP: 2/2
    11 | D:1      | Huge Dmg: 2 dmg
    54 | D:1      | Huge Dmg: 3 dmg
   130 | D:1      | Found a faded altar of an unknown god.
   244 | D:1      | Huge Dmg: 2 dmg
   250 | D:1      | Reached XP level 2. HP: 11/12 MP: 3/3
   251 | D:1      | Huge Dmg: 3 dmg
   252 | D:1      | Huge Dmg: 2 dmg
   413 | D:2      | Huge Dmg: 4 dmg
   702 | D:2      | Huge Dmg: 4 dmg
   705 | D:2      | Huge Dmg: 2 dmg
   740 | D:2      | Huge Dmg: 3 dmg
   821 | D:2      | Huge Dmg: 11 dmg
  1181 | D:3      | Reached XP level 3. HP: 15/15 MP: 4/4
  1191 | D:3      | Huge Dmg: 5 dmg
  1251 | D:3      | Noticed a bullfrog
  1260 | D:3      | Killed a bullfrog
  1261 | D:3      | Reached XP level 4. HP: 19/19 MP: 5/5
  1293 | D:3      | Found a radiant altar of Vehumet.
  1480 | D:3      | Noticed an ogre
  1483 | D:3      | Slain by an ogre
  1484 | D:3      | Reached XP level 3. HP: -3/16 MP: 4/4
  1494 | D:3      | Killed an ogre
  1495 | D:3      | Reached skill level 1 in Stealth
  1495 | D:3      | Reached XP level 4. HP: 20/20 MP: 5/5
  1701 | D:3      | Reached XP level 5. HP: 22/23 MP: 6/6
  1709 | D:3      | Learned a level 2 spell: Poisonous Vapours
  2161 | D:4      | Noticed an ogre
  2254 | D:3      | Huge Dmg: 17 dmg
  2434 | D:4      | Huge Dmg: 13 dmg
  2436 | D:4      | Huge Dmg: 4 dmg
  2656 | D:4      | Noticed a black bear
  2662 | D:4      | Huge Dmg: 6 dmg
  2718 | D:4      | Huge Dmg: 5 dmg
  2720 | D:4      | Huge Dmg: 4 dmg
  2721 | D:4      | Huge Dmg: 10 dmg
  2721 | D:4      | Slain by a black bear

Illustrated notes

Levels and vault maps discovered:
D:1:      doesnt_arrival_eight_statues, layout_rooms, basic_ecumenical_altar
D:2:      layout_loops_ring
D:3:      layout_basic, amcnicky_altar_gilded, feat_on_display
D:4:      layout_cave_pods, mainiacjoe_overflow_divided_tiny,
          lightli_temple_of_fire, minmay_temple_entry_gardened_gates

Skill      XL: |  1  2  3  4  5 |
---------------+----------------+-----
Dodging        | 3 4 |  4.1
Fighting       | 2 |  2.5
Unarmed Combat | 4 |  4.6
Stealth        | 1 2 |  2.0
Shapeshifting  | 4 |  4.0
Spellcasting   | |  0.4
Air Magic      | |  0.3
Poison Magic   | |  0.3

Action                     |  1- 3 |  4- 6 || total
---------------------------+-------+-------++-------
  Melee: Unarmed           |    84 |    37 ||   121
         Bite              |     5 |     3 ||     8
   Cast: Poisonous Vapours |       |     5 ||     5
    Use: Potion            |     1 |       ||     1
         Scroll            |       |     3 ||     3
   Stab: Sleeping          |     2 |     5 ||     7
         Invisible         |     2 |       ||     2
 Armour: Skin              |     3 |     1 ||     4
  Dodge: Dodged            |    56 |    27 ||    83

Table legend: (Time is in decaauts)
 A = Elapsed time spent in this place.
 B = Non-inter-level travel time spent in this place.
 C = Inter-level travel time spent in this place.
 D = Time resting spent in this place.
 E = Time spent auto-exploring this place.
 F = Levels seen in this place.
 G = Mean time per level.
                   A        B        C        D        E       F      G
               +--------+--------+--------+--------+--------+-----+--------+
         Total |   2299 |   2176 |    123 |    288 |   1320 |   4 |  574.8 |
       Dungeon |   2299 |   2176 |    123 |    288 |   1320 |   4 |  574.8 |
               +--------+--------+--------+--------+--------+-----+--------+

Top non-repeatable levels by time:
     D:3: 1147 daAuts
     D:2: 662 daAuts
     D:1: 337 daAuts
     D:4: 151 daAuts
